 Dungeon Crawl Stone Soup version 0.26.1-2-gb8aa6d0cf2 (webtiles) character file.

Game seed: 3188120687811357954

2923 CrazyMind the Basher (level 10, -6/77 HPs)
             Began as a Formicid Abyssal Knight on Mar 30, 2021.
             Was a High Priest of Lugonu.
             Killed from afar by an electric eel (10 damage)
             ... with a bolt of electricity
             ... on level 6 of the Dungeon.
             The game lasted 00:37:43 (7874 turns).

CrazyMind the Basher (Formicid Abyssal Knight)      Turns: 7874, Time: 00:37:44

Health: -6/77      AC: 10    Str: 21    XL:     10   Next: 6%
Magic:  11/11      EV: 12    Int: 11    God:    Lugonu [*****.]
Gold:   551        SH:  0    Dex: 10    Spells: 9/9 levels left

rFire    . . .     SeeInvis +   H - +1 flail (protect)
rCold    . . .     Faith    .   (no shield)
rNeg     . . .     Spirit   .   u - +4 ring mail
rPois    .         Reflect  .   (helmet unavailable)
rElec    .         Harm     .   (no cloak)
rCorr    +         Rampage  .   (no gloves)
Will     +....                  (no boots)
Stlth    ..........             (no amulet)
HPRegen  0.22/turn              v - ring of wizardry
MPRegen  0.12/turn              z - ring of resist corrosion

@: very slow
A: permanent stasis, dig shafts and tunnels, four strong arms, antennae 3
a: Dig, Shaft Self, Renounce Religion, Depart the Abyss, Bend Space, Banish,
Corrupt, Enter the Abyss


You were on level 6 of the Dungeon.
You worshipped Lugonu.
Lugonu was extremely pleased with you.
You visited 1 branch of the dungeon, and saw 6 of its levels.
You visited the Abyss 1 time.

You collected 551 gold pieces.

Inventory:

Hand Weapons
 a - a +1 mace
 g - a +0 flail
 m - a +0 hunting sling
 t - a +1 whip of electrocution
 C - a +0 flail
 H - a +1 flail of protection (weapon)
 L - a +0 whip of flaming
Missiles
 e - 143 stones
 f - 45 arrows
 j - 38 sling bullets
 E - 2 boomerangs (quivered)
 J - 7 boomerangs of dispersal
Armour
 i - a +2 leather armour of cold resistance
 u - a +4 ring mail (worn)
 B - the +2 leather armour of Goavaips {rPois}
   (You found it on level 4 of the Dungeon)

   It protects you from poison.
 K - a +2 robe of willpower
Jewellery
 v - a ring of wizardry (left hand)
 z - a ring of resist corrosion (right hand)
Scrolls
 h - 6 scrolls of identify
 k - a scroll of amnesia
 o - 4 scrolls of remove curse
 w - 2 scrolls of blinking {unknown}
 x - 2 scrolls of fog
 y - a scroll of enchant weapon {unknown}
 D - a scroll of fear {unknown}
 F - a scroll of brand weapon {unknown}
 I - a scroll of random uselessness {unknown}
Potions
 b - a potion of flight
 c - a potion of resistance {unknown}
 d - a potion of attraction
 l - a potion of mutation {unknown}
 n - a potion of ambrosia {unknown}
 p - 2 potions of heal wounds
 q - a potion of magic {unknown}
 r - 2 potions of berserk rage {unknown}
 s - a potion of haste {unknown}
 A - a potion of degeneration {unknown}
 G - a potion of lignification {unknown}


   Skills:
 + Level 6.8 Fighting
 + Level 9.2 Maces & Flails
 + Level 3.1 Throwing
 + Level 6.5 Armour
 + Level 3.8 Dodging
 + Level 2.5 Invocations


You had 9 spell levels left.
You didn't know any spells.
Your spell library was empty.

Dungeon Overview and Level Annotations

Branches:
Dungeon (6/15)             Temple (0/1) D:4

Altars:
Ashenzari
Dithmenos
Elyvilon
Gozag
Kikubaaqudgha
Okawaru
Sif Muna
Trog
Uskayaw
Yredelemnul

Annotations:
D:4 1 runed translucent door, exclusion: door, Crazy Yiuf


Innate Abilities, Weirdness & Mutations

You cannot be hasted, slowed, berserked, paralysed or teleported.
You can dig through walls and to a lower floor.
Your four strong arms can wield two-handed weapons with a shield.
You have a pair of large antennae on your head. (SInv)


Message History

The electric eel shoots out a bolt of lightning at you!
The bolt of electricity misses you.
Press: ? - help, Shift-Dir - straight line, f/p - electric eel
Aim: an electric eel (water, heavily wounded, chance to affect: 86%)
You fail to use your ability.
The electric eel shoots out a bolt of lightning at you!
The bolt of electricity hits you.
* * * LOW HITPOINT WARNING * * *
Press: ? - help, Shift-Dir - straight line, f/p - electric eel
Aim: an electric eel (water, heavily wounded, chance to affect: 86%)
You fail to use your ability.
The electric eel shoots out a bolt of lightning at you!
The bolt of electricity hits you!
* * * LOW HITPOINT WARNING * * *
Press: ? - help, Shift-Dir - straight line, f/p - electric eel
Aim: an electric eel (water, heavily wounded, chance to affect: 86%)
You fail to use your ability.
The electric eel shoots out a bolt of lightning at you!
The bolt of electricity hits you!
You die...

# .## #. #..
#.######..##
##...P...P..##.
#...≈≈.≈P≈.♣...
#...≈.≈≈≈.≈≈P..#
#.♣≈.≈≈;≈≈≈≈≈..#
#?P♣≈≈≈@≈≈.≈≈..
#..P.≈≈.≈≈≈≈≈♣#
#
#...≈≈.≈≈.≈≈P.#
#
#...#P.....P#.#
# ##.........##
# #
########...#..##
#
#......#.###..#
#
#.......)....##
# #............#


You could see an electric eel.

Vanquished Creatures
  Pikel (D:6)
  Edmund (D:4)
  An orc warrior (D:5)
  A black bear (D:6)
  2 phantoms
  3 ogres
  A lemure (D:6)
  3 bullfrogs
  A big kobold (D:5)
  A wyvern skeleton (D:6)
  3 howler monkeys
  5 wights
  A jelly (D:6)
  6 orc priests
  2 centaur skeletons
  3 hounds
  10 orc wizards
  3 worker ants
  A worker ant zombie (D:6)
  9 gnolls
  A howler monkey skeleton (D:5)
  8 adders
  A river rat (D:3)
  2 shadow imps
  A white imp (D:6)
  An ooze (D:3)
  An adder skeleton (D:4)
  5 worms
  A dart slug (D:2)
  4 leopard geckos
  30 orcs
  2 ball pythons
  10 bats
  9 giant cockroaches
  10 goblins
  8 hobgoblins
  15 jackals
  11 kobolds
  12 frilled lizards
  A jackal skeleton (D:4)
  8 rats
199 creatures vanquished.

Notes
Turn   | Place    | Note
-------+----------+-------------------------------------------
     0 | Abyss:1  | CrazyMind the Formicid Abyssal Knight began the quest for
                  | the Orb.
     0 | Abyss:1  | Reached XP level 1. HP: 18/18 MP: 2/2
    76 | Abyss:1  | Noticed a tentacled starspawn
    80 | D:1      | Escaped the Abyss
   292 | D:1      | Reached XP level 2. HP: 19/24 MP: 3/3
   301 | D:1      | Reached * piety under Lugonu
   822 | D:1      | Reached XP level 3. HP: 30/30 MP: 4/4
   936 | D:1      | Reached skill level 1 in Dodging
  1565 | D:2      | Reached ** piety under Lugonu
  1734 | D:2      | Found an opulent altar of Gozag.
  1754 | D:2      | Reached XP level 4. HP: 24/37 MP: 5/5
  2236 | D:2      | Found a basalt altar of Yredelemnul.
  2394 | D:2      | Reached skill level 3 in Maces & Flails
  2541 | D:3      | Reached XP level 5. HP: 34/42 MP: 6/6
  3067 | D:3      | Reached XP level 6. HP: 48/49 MP: 7/7
  3082 | D:3      | Reached skill level 4 in Maces & Flails
  3445 | D:3      | Reached *** piety under Lugonu
  3859 | D:3      | Found a white marble altar of Elyvilon.
  3987 | D:3      | Found a shadowy altar of Dithmenos.
  4353 | D:4      | Found a hide-covered altar of Uskayaw.
  4353 | D:4      | Noticed a +0 hand axe
  4353 | D:4      | Noticed a +0 dagger
  4377 | D:4      | Reached XP level 7. HP: 54/55 MP: 8/8
  4551 | D:4      | Found a broken altar of Ashenzari.
  4561 | D:4      | Found an iron altar of Okawaru.
  4572 | D:4      | Found a bloodstained altar of Trog.
  4572 | D:4      | Noticed Edmund
  4678 | D:4      | Reached skill level 5 in Maces & Flails
  4699 | D:4      | Reached skill level 5 in Fighting
  4795 | D:4      | Found an ancient bone altar of Kikubaaqudgha.
  5105 | D:4      | Found a staircase to the Ecumenical Temple.
  5247 | D:4      | Got a jewelled leather armour
  5258 | D:4      | Identified the +2 leather armour of Goavaips {rPois} (You
                  | found it on level 4 of the Dungeon)
  5273 | D:5      | Entered Level 5 of the Dungeon
  5297 | D:5      | Reached XP level 8. HP: 58/62 MP: 9/9
  5311 | D:5      | Reached **** piety under Lugonu
  5638 | D:5      | Reached skill level 6 in Maces & Flails
  5650 | D:5      | Reached skill level 5 in Armour
  6129 | D:5      | Found a shimmering blue altar of Sif Muna.
  6179 | D:6      | Reached skill level 1 in Throwing
  6196 | D:6      | Reached skill level 7 in Maces & Flails
  6327 | D:6      | Reached XP level 9. HP: 69/69 MP: 10/10
  6599 | D:4      | Killed Edmund
  6772 | D:4      | Found a runed translucent door.
  6773 | D:4      | Noticed Crazy Yiuf
  6860 | D:6      | Reached skill level 8 in Maces & Flails
  6940 | D:6      | Reached ***** piety under Lugonu
  7127 | D:6      | Noticed Pikel
  7561 | D:6      | Killed Pikel
  7562 | D:6      | Reached skill level 9 in Maces & Flails
  7562 | D:6      | Reached XP level 10. HP: 60/77 MP: 11/11
  7874 | D:6      | Killed from afar by an electric eel

Illustrated notes

Levels and vault maps discovered:
D:1:      nagdon_arrival_zigzag_paths, layout_loops_corners
D:2:      layout_basic, overflow_temple_1_default, grunt_gozag_breadcrumbs
D:3:      layout_basic, old_standard_altar, general_overflow_altar,
          portal_sewer_entry_b, serial_park_tiny_1, grunt_ministairs_4
D:4:      layout_basic, dancing_weapons_uskayaw,
          grunt_temple_overflow_cloverleaf, minmay_temple_entry_from_below_a,
          uniq_crazy_yiuf_cottage, uniq_edmund
D:5:      layout_rooms, overflow_temple_1_default, eino_tiny_chamber
D:6:      layout_rooms, serial_bayou_pond_b, uniq_pikel

Skill      XL: |  1  2  3  4  5  6  7  8  9 |
---------------+----------------------------+-----
Fighting       | 4 5 6 |  6.8
Dodging        | 1 2 3 |  3.8
Armour         | 3 4 5 6 |  6.5
Maces & Flails | 3 4 5 7 9 |  9.2
Throwing       | 1 3 |  3.1
Invocations    | |  2.5

Action                   |  1- 3 |  4- 6 |  7- 9 | 10-12 || total
-------------------------+-------+-------+-------+-------++-------
Melee: Mace              |   128 |   120 |       |       ||   248
       Whip              |       |    88 |   291 |       ||   379
       Flail             |       |       |   133 |    12 ||   145
Throw: Stone             |       |     5 |     1 |       ||     6
       Boomerang         |       |       |    39 |       ||    39
Invok: Depart the Abyss  |     1 |       |       |       ||     1
       Bend Space        |       |     1 |       |       ||     1
 Abil: Dig               |     1 |       |       |       ||     1
  Use: Scroll            |     5 |     1 |       |       ||     6
       Potion            |       |       |     3 |       ||     3
Armor: Leather armour    |    19 |       |       |       ||    19
       Ring mail         |    30 |    78 |   128 |     1 ||   237
       Chain mail        |    17 |    12 |       |       ||    29
Dodge: Dodged            |    70 |   144 |   197 |     6 ||   417
